[ PARTIDA AOE2 · #477981767 ]
Team RMGodos vs Malians
[ ANÁLISIS DE REPETICIÓN · EXTRAÍDO DE LA PARTIDA GRABADA ]
Feudal
10:57
Castillos
22:24
Imperial
41:59
| APM promedio | 12.3 |
| APM pico | 38 |
| eAPM promedio | 9.6 |
| Aldeanos / militares | 104 / 46 |
Foco
⚔️ 21.3% · 🌾 78.7%
Spearman ×12 · Skirmisher ×12 · Scout Cavalry ×10 · Huskarl ×6 · Trebuchet (Packed) ×3 · Bombard Cannon ×3
Feudal
—
Castillos
—
Imperial
—
| APM promedio | 34.0 |
| APM pico | 90 |
| eAPM promedio | 22.3 |
| Aldeanos / militares | 122 / 277 |
Foco
⚔️ 48.0% · 🌾 52.0%
Eagle Scout ×189 · Spearman ×77 · Battering Ram ×9 · Monk ×2
Feudal
11:01
Castillos
21:05
Imperial
43:53
| APM promedio | 27.3 |
| APM pico | 74 |
| eAPM promedio | 12.7 |
| Aldeanos / militares | 93 / 154 |
Foco
⚔️ 44.9% · 🌾 55.1%
Knight ×74 · Archer ×67 · Trebuchet (Packed) ×8 · Scout Cavalry ×5
Feudal
11:53
Castillos
17:24
Imperial
52:56
| APM promedio | 15.6 |
| APM pico | 36 |
| eAPM promedio | 7.5 |
| Aldeanos / militares | 60 / 67 |
Foco
⚔️ 38.5% · 🌾 61.5%
Knight ×29 · Cavalry Archer ×24 · Skirmisher ×10 · Tarkan ×4
Feudal
10:19
Castillos
20:39
Imperial
41:23
| APM promedio | 13.7 |
| APM pico | 54 |
| eAPM promedio | 10.0 |
| Aldeanos / militares | 111 / 102 |
Foco
⚔️ 22.4% · 🌾 77.6%
Shrivamsha Rider ×47 · Camel Scout ×39 · Armored Elephant ×8 · Spearman ×7 · Monk ×1
Feudal
12:00
Castillos
23:37
Imperial
50:22
| APM promedio | 28.4 |
| APM pico | 96 |
| eAPM promedio | 11.5 |
| Aldeanos / militares | 134 / 114 |
Foco
⚔️ 31.0% · 🌾 69.0%
Gbeto ×62 · Scout Cavalry ×32 · Knight ×9 · Battering Ram ×8 · Mangonel ×2 · Monk ×1
Mapa de la partida
Recursos al inicio + cada clic de construcción. Línea gruesa = muro · recuadro discontinuo = muro de casas detectado. 🟡 oro · ⚪ piedra · 🟢 bayas · 🔶 jabalí · ⭕ reliquia
Inputs por minuto
— KingYankee1 - - RZA8614
Build order — KingYankee1
Primeras 150 de 269 acciones detectadas
| 0:05 | Crear | Villager (Male) |
| 0:06 | Crear | Villager (Male) |
| 0:06 | Crear | Villager (Male) |
| 0:16 | Crear | Villager (Male) |
| 0:36 | Construir | House |
| 0:42 | Investigar | Loom |
| 0:54 | Crear | Villager (Male) |
| 0:55 | Crear | Villager (Male) |
| 0:55 | Crear | Villager (Male) |
| 1:06 | Construir | House |
| 1:37 | Construir | Lumber Camp |
| 1:50 | Crear | Villager (Male) |
| 2:35 | Crear | Villager (Male) |
| 3:10 | Crear | Villager (Male) |
| 3:24 | Construir | House |
| 3:35 | Crear | Villager (Male) |
| 4:05 | Crear | Villager (Male) |
| 4:37 | Crear | Villager (Male) |
| 5:03 | Crear | Villager (Male) |
| 5:22 | Crear | Villager (Male) |
| 5:41 | Crear | Villager (Male) |
| 6:31 | Crear | Villager (Male) |
| 6:31 | Crear | Villager (Male) |
| 7:02 | Construir | House |
| 7:09 | Construir | Mill |
| 7:54 | Construir | House |
| 7:57 | Crear | Villager (Male) |
| 8:00 | Crear | Villager (Male) |
| 8:39 | Investigar | Feudal Age |
| 8:49 | Construir | House |
| 9:04 | Construir | Mining Camp |
| 9:39 | Construir | Barracks |
| 10:51 | Construir | Mining Camp |
| 10:57 | Edad | Edad Feudal |
| 11:03 | Crear | Villager (Male) |
| 11:15 | Investigar | Double-Bit Axe |
| 11:55 | Crear | Villager (Male) |
| 11:57 | Investigar | Wheelbarrow |
| 12:36 | Construir | Farm |
| 12:38 | Crear | Villager (Male) |
| 12:43 | Crear | Villager (Male) |
| 13:00 | Construir | Market |
| 13:09 | Crear | Villager (Male) |
| 13:09 | Crear | Villager (Male) |
| 13:21 | Construir | Farm |
| 13:25 | Investigar | Horse Collar |
| 13:47 | Crear | Spearman |
| 14:08 | Construir | House |
| 14:15 | Crear | Spearman |
| 14:24 | Construir | House |
| 14:26 | Construir | House |
| 14:30 | Construir | House |
| 14:44 | Crear | Villager (Male) |
| 15:14 | Crear | Spearman |
| 15:35 | Construir | Farm |
| 15:37 | Construir | Farm |
| 15:46 | Construir | Farm |
| 15:48 | Crear | Villager (Male) |
| 16:07 | Crear | Villager (Male) |
| 16:14 | Construir | Blacksmith |
| 16:43 | Investigar | Gold Mining |
| 16:58 | Construir | Farm |
| 17:00 | Crear | Villager (Male) |
| 17:08 | Construir | House |
| 17:23 | Crear | Spearman |
| 17:23 | Crear | Spearman |
| 17:32 | Construir | Farm |
| 17:43 | Crear | Spearman |
| 19:44 | Investigar | Castle Age |
| 21:09 | Crear | Spearman |
| 21:34 | Construir | House |
| 21:36 | Construir | House |
| 22:24 | Edad | Edad de los Castillos |
| 22:33 | Construir | Palisade Wall |
| 22:38 | Construir | Palisade Gate |
| 22:44 | Investigar | Hand Cart |
| 22:47 | Investigar | Bow Saw |
| 23:04 | Construir | Town Center |
| 23:23 | Construir | Town Center |
| 23:40 | Construir | Castle |
| 23:45 | Crear | Villager (Male) |
| 23:53 | Construir | House |
| 24:13 | Crear | Villager (Male) |
| 24:38 | Construir | Palisade Wall |
| 24:46 | Crear | Villager (Male) |
| 24:46 | Crear | Villager (Male) |
| 24:58 | Investigar | Pikeman (upgrade) |
| 25:14 | Crear | Villager (Male) |
| 26:11 | Crear | Villager (Male) |
| 26:11 | Crear | Villager (Male) |
| 26:16 | Construir | Farm |
| 26:41 | Crear | Villager (Male) |
| 26:41 | Crear | Villager (Male) |
| 27:04 | Construir | Town Center |
| 27:09 | Crear | Huskarl |
| 27:28 | Construir | Farm |
| 27:29 | Construir | Farm |
| 27:38 | Crear | Villager (Male) |
| 27:38 | Crear | Villager (Male) |
| 28:00 | Construir | Farm |
| 28:17 | Crear | Villager (Male) |
| 28:18 | Crear | Villager (Male) |
| 28:18 | Crear | Villager (Male) |
| 28:34 | Construir | Farm |
| 28:41 | Investigar | Heavy Plow |
| 28:52 | Construir | Farm |
| 29:04 | Crear | Villager (Male) |
| 29:05 | Crear | Villager (Male) |
| 29:05 | Crear | Villager (Male) |
| 29:12 | Construir | Farm |
| 29:18 | Construir | Farm |
| 29:42 | Crear | Huskarl |
| 29:48 | Crear | Villager (Male) |
| 29:48 | Crear | Villager (Male) |
| 29:49 | Crear | Villager (Male) |
| 30:05 | Crear | Huskarl |
| 30:10 | Investigar | Scale Mail Armor |
| 30:56 | Crear | Villager (Male) |
| 30:56 | Crear | Villager (Male) |
| 30:57 | Crear | Villager (Male) |
| 30:59 | Crear | Villager (Male) |
| 31:16 | Construir | Stable |
| 31:20 | Crear | Villager (Male) |
| 31:21 | Crear | Villager (Male) |
| 31:21 | Crear | Villager (Male) |
| 31:37 | Crear | Villager (Male) |
| 31:37 | Crear | Villager (Male) |
| 31:37 | Crear | Villager (Male) |
| 31:44 | Construir | Farm |
| 31:45 | Construir | Farm |
| 31:46 | Construir | Farm |
| 32:21 | Construir | Town Center |
| 32:39 | Crear | Villager (Male) |
| 32:39 | Crear | Villager (Male) |
| 32:40 | Crear | Villager (Male) |
| 33:00 | Construir | Farm |
| 33:04 | Investigar | Light Cavalry (upgrade) |
| 33:05 | Investigar | Bloodlines |
| 33:29 | Construir | Farm |
| 33:31 | Construir | Farm |
| 33:32 | Construir | Farm |
| 33:37 | Construir | Farm |
| 33:42 | Construir | Farm |
| 33:48 | Construir | Farm |
| 33:53 | Construir | Farm |
| 34:04 | Crear | Villager (Male) |
| 34:06 | Crear | Villager (Male) |
| 34:06 | Crear | Villager (Male) |
| 34:06 | Crear | Villager (Male) |
| 34:07 | Crear | Villager (Male) |
Build order — RZA8614
Primeras 150 de 544 acciones detectadas
| 0:06 | Construir | House |
| 0:07 | Crear | Villager (Male) |
| 0:07 | Crear | Villager (Male) |
| 0:07 | Crear | Villager (Male) |
| 0:07 | Crear | Villager (Male) |
| 0:07 | Crear | Villager (Male) |
| 0:07 | Crear | Villager (Male) |
| 0:07 | Crear | Villager (Male) |
| 0:07 | Crear | Villager (Male) |
| 0:07 | Crear | Villager (Male) |
| 0:07 | Crear | Villager (Male) |
| 0:07 | Crear | Villager (Male) |
| 0:09 | Construir | House |
| 1:30 | Crear | Villager (Male) |
| 2:03 | Construir | Lumber Camp |
| 2:32 | Crear | Villager (Male) |
| 2:33 | Crear | Villager (Male) |
| 2:33 | Crear | Villager (Male) |
| 2:33 | Crear | Villager (Male) |
| 2:33 | Crear | Villager (Male) |
| 2:33 | Crear | Villager (Male) |
| 2:33 | Crear | Villager (Male) |
| 2:33 | Crear | Villager (Male) |
| 2:33 | Crear | Villager (Male) |
| 2:33 | Crear | Villager (Male) |
| 3:08 | Crear | Villager (Male) |
| 3:35 | Construir | House |
| 3:36 | Crear | Villager (Male) |
| 4:14 | Crear | Villager (Male) |
| 4:15 | Crear | Villager (Male) |
| 4:47 | Crear | Villager (Male) |
| 4:55 | Construir | Mill |
| 5:40 | Crear | Villager (Male) |
| 5:40 | Crear | Villager (Male) |
| 5:40 | Crear | Villager (Male) |
| 5:40 | Crear | Villager (Male) |
| 5:40 | Crear | Villager (Male) |
| 5:40 | Crear | Villager (Male) |
| 5:40 | Crear | Villager (Male) |
| 5:40 | Crear | Villager (Male) |
| 5:40 | Crear | Villager (Male) |
| 5:40 | Crear | Villager (Male) |
| 6:14 | Crear | Villager (Male) |
| 6:21 | Crear | Villager (Male) |
| 7:17 | Crear | Villager (Male) |
| 7:18 | Crear | Villager (Male) |
| 7:18 | Crear | Villager (Male) |
| 7:18 | Crear | Villager (Male) |
| 7:18 | Crear | Villager (Male) |
| 7:18 | Crear | Villager (Male) |
| 7:18 | Crear | Villager (Male) |
| 7:18 | Crear | Villager (Male) |
| 7:18 | Crear | Villager (Male) |
| 7:18 | Crear | Villager (Male) |
| 7:18 | Crear | Villager (Male) |
| 7:42 | Crear | Villager (Male) |
| 7:51 | Construir | House |
| 10:39 | Investigar | Feudal Age |
| 10:40 | Investigar | Loom |
| 11:05 | Construir | Lumber Camp |
| 11:19 | Crear | Villager (Male) |
| 11:20 | Crear | Villager (Male) |
| 11:30 | Construir | House |
| 11:46 | Construir | Farm |
| 11:55 | Construir | Farm |
| 12:05 | Construir | Barracks |
| 12:12 | Construir | Palisade Wall |
| 12:58 | Construir | Palisade Wall |
| 13:01 | Crear | Villager (Male) |
| 13:06 | Crear | Spearman |
| 13:07 | Crear | Spearman |
| 13:14 | Construir | Palisade Wall |
| 13:25 | Construir | Blacksmith |
| 13:51 | Construir | Farm |
| 13:53 | Crear | Villager (Male) |
| 13:58 | Crear | Eagle Scout |
| 14:03 | Crear | Eagle Scout |
| 14:14 | Construir | Palisade Wall |
| 14:25 | Construir | Palisade Wall |
| 14:27 | Construir | Palisade Wall |
| 14:46 | Construir | Farm |
| 14:47 | Construir | Farm |
| 14:47 | Construir | Farm |
| 14:47 | Construir | Farm |
| 15:05 | Crear | Villager (Male) |
| 15:16 | Construir | House |
| 15:20 | Construir | House |
| 15:25 | Construir | House |
| 15:33 | Investigar | Double-Bit Axe |
| 15:36 | Crear | Villager (Male) |
| 15:45 | Construir | Palisade Wall |
| 15:48 | Construir | Palisade Wall |
| 15:58 | Construir | Farm |
| 15:59 | Construir | Farm |
| 15:59 | Construir | Farm |
| 15:59 | Construir | Farm |
| 16:31 | Construir | Barracks |
| 16:37 | Construir | Palisade Gate |
| 16:47 | Crear | Villager (Male) |
| 16:47 | Crear | Villager (Male) |
| 17:01 | Construir | House |
| 17:06 | Construir | Mining Camp |
| 17:33 | Construir | Farm |
| 17:33 | Construir | Farm |
| 17:33 | Construir | Farm |
| 18:12 | Crear | Villager (Male) |
| 18:12 | Crear | Villager (Male) |
| 18:42 | Construir | Farm |
| 19:08 | Construir | Farm |
| 19:15 | Crear | Eagle Scout |
| 19:15 | Crear | Eagle Scout |
| 19:18 | Investigar | Forging |
| 19:38 | Construir | Palisade Wall |
| 19:53 | Crear | Eagle Scout |
| 19:53 | Crear | Eagle Scout |
| 20:17 | Construir | Farm |
| 21:01 | Crear | Spearman |
| 21:01 | Crear | Spearman |
| 21:02 | Crear | Spearman |
| 21:17 | Construir | House |
| 21:35 | Construir | Market |
| 21:39 | Construir | Farm |
| 21:57 | Crear | Spearman |
| 21:57 | Crear | Spearman |
| 21:57 | Crear | Spearman |
| 21:59 | Crear | Spearman |
| 22:33 | Investigar | Castle Age |
| 22:37 | Crear | Spearman |
| 22:37 | Crear | Spearman |
| 22:38 | Crear | Spearman |
| 22:39 | Crear | Spearman |
| 22:50 | Crear | Eagle Scout |
| 22:50 | Crear | Eagle Scout |
| 23:21 | Crear | Eagle Scout |
| 23:21 | Crear | Eagle Scout |
| 23:36 | Crear | Eagle Scout |
| 23:36 | Crear | Eagle Scout |
| 23:37 | Crear | Eagle Scout |
| 23:53 | Crear | Spearman |
| 23:53 | Crear | Spearman |
| 23:53 | Crear | Spearman |
| 24:01 | Crear | Spearman |
| 24:01 | Crear | Spearman |
| 24:09 | Construir | House |
| 24:29 | Crear | Spearman |
| 24:29 | Crear | Spearman |
| 24:29 | Crear | Spearman |
| 24:36 | Construir | Barracks |
| 24:56 | Crear | Spearman |
| 24:56 | Crear | Spearman |
Build order — INK | jimmbar
Primeras 150 de 359 acciones detectadas
| 0:17 | Construir | House |
| 0:20 | Construir | House |
| 0:20 | Crear | Villager (Male) |
| 0:21 | Crear | Villager (Male) |
| 0:21 | Crear | Villager (Male) |
| 0:21 | Crear | Villager (Male) |
| 0:22 | Crear | Villager (Male) |
| 0:22 | Crear | Villager (Male) |
| 1:43 | Crear | Villager (Male) |
| 1:43 | Crear | Villager (Male) |
| 2:40 | Crear | Villager (Male) |
| 2:41 | Crear | Villager (Male) |
| 3:51 | Crear | Villager (Male) |
| 3:51 | Crear | Villager (Male) |
| 4:23 | Construir | Lumber Camp |
| 4:59 | Construir | House |
| 5:13 | Construir | House |
| 5:41 | Crear | Villager (Male) |
| 5:41 | Crear | Villager (Male) |
| 5:42 | Crear | Villager (Male) |
| 5:42 | Crear | Villager (Male) |
| 5:51 | Construir | Mill |
| 5:53 | Crear | Villager (Male) |
| 5:53 | Crear | Villager (Male) |
| 8:09 | Crear | Villager (Male) |
| 8:10 | Crear | Villager (Male) |
| 8:37 | Investigar | Feudal Age |
| 9:20 | Construir | Barracks |
| 9:31 | Construir | House |
| 9:41 | Construir | House |
| 10:23 | Crear | Villager (Male) |
| 10:24 | Crear | Villager (Male) |
| 10:24 | Crear | Villager (Male) |
| 10:33 | Construir | Palisade Gate |
| 10:35 | Crear | Villager (Male) |
| 10:36 | Crear | Villager (Male) |
| 10:38 | Construir | Farm |
| 10:38 | Construir | Farm |
| 10:39 | Construir | Farm |
| 10:39 | Construir | Farm |
| 10:40 | Construir | Farm |
| 10:46 | Construir | Farm |
| 10:46 | Construir | Farm |
| 11:01 | Construir | Farm |
| 11:01 | Edad | Edad Feudal |
| 11:02 | Crear | Villager (Male) |
| 11:03 | Crear | Villager (Male) |
| 11:24 | Construir | Stable |
| 11:37 | Crear | Villager (Male) |
| 11:37 | Crear | Villager (Male) |
| 11:53 | Construir | Farm |
| 11:56 | Investigar | Double-Bit Axe |
| 12:08 | Crear | Scout Cavalry |
| 12:08 | Crear | Scout Cavalry |
| 12:09 | Crear | Scout Cavalry |
| 12:18 | Construir | House |
| 12:21 | Construir | House |
| 12:22 | Construir | House |
| 12:40 | Construir | Stone Wall |
| 12:51 | Construir | Building 490 |
| 12:52 | Crear | Villager (Male) |
| 12:53 | Crear | Villager (Male) |
| 12:56 | Construir | Farm |
| 13:12 | Crear | Scout Cavalry |
| 13:12 | Crear | Scout Cavalry |
| 13:47 | Crear | Villager (Male) |
| 13:47 | Crear | Villager (Male) |
| 13:48 | Crear | Villager (Male) |
| 13:52 | Construir | Farm |
| 13:54 | Construir | Farm |
| 13:57 | Construir | Farm |
| 14:00 | Construir | Farm |
| 14:05 | Construir | Farm |
| 14:12 | Construir | Mining Camp |
| 14:58 | Crear | Villager (Male) |
| 14:58 | Crear | Villager (Male) |
| 16:24 | Crear | Villager (Male) |
| 16:27 | Construir | Farm |
| 16:46 | Construir | Farm |
| 16:56 | Construir | Farm |
| 17:02 | Crear | Villager (Male) |
| 17:03 | Crear | Villager (Male) |
| 17:12 | Construir | Stone Wall |
| 17:16 | Construir | Stone Wall |
| 17:18 | Construir | Stone Wall |
| 17:24 | Crear | Villager (Male) |
| 17:24 | Crear | Villager (Male) |
| 17:33 | Construir | Blacksmith |
| 18:17 | Construir | Market |
| 18:21 | Investigar | Fletching |
| 18:39 | Investigar | Castle Age |
| 19:24 | Construir | Stone Wall |
| 19:30 | Construir | Building 487 |
| 19:38 | Construir | Mining Camp |
| 20:15 | Crear | Villager (Male) |
| 20:15 | Crear | Villager (Male) |
| 20:16 | Crear | Villager (Male) |
| 20:26 | Construir | Archery Range |
| 20:28 | Construir | Archery Range |
| 21:05 | Edad | Edad de los Castillos |
| 21:19 | Crear | Villager (Male) |
| 21:20 | Crear | Villager (Male) |
| 21:20 | Crear | Villager (Male) |
| 21:21 | Crear | Villager (Male) |
| 21:46 | Construir | Town Center |
| 21:56 | Crear | Knight |
| 21:56 | Crear | Knight |
| 21:57 | Crear | Knight |
| 21:57 | Crear | Knight |
| 21:58 | Crear | Knight |
| 22:06 | Crear | Villager (Male) |
| 22:06 | Crear | Villager (Male) |
| 22:14 | Investigar | Bow Saw |
| 22:31 | Crear | Villager (Male) |
| 22:32 | Crear | Villager (Male) |
| 23:02 | Investigar | Crossbowman (upgrade) |
| 23:20 | Crear | Archer |
| 23:21 | Crear | Archer |
| 23:25 | Crear | Villager (Male) |
| 23:25 | Crear | Villager (Male) |
| 23:26 | Crear | Villager (Male) |
| 23:32 | Construir | Farm |
| 23:46 | Construir | House |
| 23:59 | Construir | House |
| 23:59 | Construir | House |
| 24:00 | Construir | House |
| 24:09 | Crear | Archer |
| 24:09 | Crear | Archer |
| 24:09 | Crear | Archer |
| 24:10 | Crear | Archer |
| 24:10 | Crear | Archer |
| 24:21 | Crear | Villager (Male) |
| 24:21 | Crear | Villager (Male) |
| 24:21 | Crear | Villager (Male) |
| 24:22 | Crear | Villager (Male) |
| 24:22 | Crear | Villager (Male) |
| 24:22 | Crear | Villager (Male) |
| 24:40 | Construir | House |
| 24:41 | Construir | House |
| 24:47 | Crear | Archer |
| 24:47 | Crear | Archer |
| 24:47 | Crear | Archer |
| 25:10 | Crear | Archer |
| 25:10 | Crear | Archer |
| 27:19 | Construir | Farm |
| 27:29 | Crear | Knight |
| 27:29 | Crear | Knight |
| 27:30 | Crear | Knight |
| 27:30 | Crear | Knight |
| 27:30 | Crear | Knight |
Build order — Pata
Primeras 150 de 206 acciones detectadas
| 0:14 | Crear | Villager (Male) |
| 0:14 | Crear | Villager (Male) |
| 0:15 | Crear | Villager (Male) |
| 0:15 | Crear | Villager (Male) |
| 1:42 | Crear | Villager (Male) |
| 2:18 | Crear | Villager (Male) |
| 2:40 | Crear | Villager (Male) |
| 3:06 | Construir | Lumber Camp |
| 3:27 | Crear | Villager (Male) |
| 3:28 | Crear | Villager (Male) |
| 3:28 | Crear | Villager (Male) |
| 4:22 | Crear | Villager (Male) |
| 4:22 | Crear | Villager (Male) |
| 4:35 | Crear | Villager (Male) |
| 4:56 | Construir | Mill |
| 5:05 | Crear | Villager (Male) |
| 5:43 | Crear | Villager (Male) |
| 5:43 | Crear | Villager (Male) |
| 6:18 | Construir | Mill |
| 6:26 | Crear | Villager (Male) |
| 6:26 | Crear | Villager (Male) |
| 6:27 | Crear | Villager (Male) |
| 6:46 | Crear | Villager (Male) |
| 6:47 | Crear | Villager (Male) |
| 6:47 | Crear | Villager (Male) |
| 7:36 | Construir | Mining Camp |
| 7:56 | Crear | Villager (Male) |
| 7:58 | Crear | Villager (Male) |
| 8:45 | Construir | Mining Camp |
| 9:43 | Investigar | Feudal Age |
| 10:48 | Crear | Villager (Male) |
| 10:49 | Crear | Villager (Male) |
| 11:53 | Edad | Edad Feudal |
| 11:58 | Investigar | Double-Bit Axe |
| 12:07 | Construir | Market |
| 12:19 | Construir | Blacksmith |
| 12:24 | Crear | Villager (Male) |
| 12:41 | Construir | Barracks |
| 12:49 | Crear | Villager (Male) |
| 13:04 | Construir | Farm |
| 13:30 | Construir | Palisade Wall |
| 13:44 | Construir | Farm |
| 13:46 | Crear | Villager (Male) |
| 14:07 | Construir | Farm |
| 14:12 | Construir | Farm |
| 14:25 | Construir | Farm |
| 14:30 | Construir | Farm |
| 14:44 | Investigar | Castle Age |
| 15:05 | Construir | Stable |
| 15:13 | Construir | Farm |
| 15:31 | Crear | Villager (Male) |
| 15:35 | Investigar | Gold Mining |
| 16:42 | Construir | Palisade Wall |
| 16:56 | Construir | Farm |
| 17:01 | Construir | Farm |
| 17:24 | Edad | Edad de los Castillos |
| 17:31 | Crear | Knight |
| 17:31 | Crear | Knight |
| 17:32 | Crear | Knight |
| 17:52 | Construir | Archery Range |
| 18:10 | Crear | Knight |
| 18:15 | Crear | Villager (Male) |
| 18:15 | Crear | Villager (Male) |
| 18:31 | Construir | Palisade Wall |
| 18:39 | Crear | Knight |
| 18:42 | Crear | Villager (Male) |
| 18:51 | Investigar | Scale Barding Armor |
| 19:08 | Crear | Villager (Male) |
| 19:20 | Crear | Villager (Male) |
| 19:41 | Crear | Knight |
| 19:43 | Crear | Villager (Male) |
| 19:55 | Construir | Town Center |
| 20:05 | Crear | Skirmisher |
| 20:05 | Crear | Skirmisher |
| 20:05 | Crear | Skirmisher |
| 20:12 | Crear | Knight |
| 20:24 | Construir | Palisade Wall |
| 20:31 | Crear | Villager (Male) |
| 21:02 | Construir | Building 804 |
| 21:05 | Crear | Villager (Male) |
| 21:09 | Crear | Knight |
| 21:20 | Crear | Skirmisher |
| 21:26 | Construir | Farm |
| 21:29 | Construir | Farm |
| 21:39 | Construir | Palisade Wall |
| 21:58 | Crear | Knight |
| 22:03 | Crear | Skirmisher |
| 22:03 | Crear | Skirmisher |
| 22:04 | Investigar | Elite Skirmisher (upgrade) |
| 22:06 | Crear | Skirmisher |
| 22:06 | Crear | Skirmisher |
| 22:25 | Crear | Villager (Male) |
| 24:24 | Crear | Knight |
| 24:25 | Crear | Knight |
| 24:33 | Crear | Skirmisher |
| 24:51 | Construir | Castle |
| 25:57 | Crear | Knight |
| 25:57 | Crear | Knight |
| 25:58 | Crear | Knight |
| 26:59 | Crear | Villager (Male) |
| 26:59 | Crear | Villager (Male) |
| 26:59 | Crear | Villager (Male) |
| 27:11 | Construir | Farm |
| 27:31 | Construir | Castle |
| 27:37 | Construir | Farm |
| 27:43 | Construir | Farm |
| 27:44 | Construir | Farm |
| 27:48 | Crear | Villager (Male) |
| 27:48 | Crear | Villager (Male) |
| 27:50 | Crear | Villager (Male) |
| 27:50 | Crear | Villager (Male) |
| 27:54 | Investigar | Wheelbarrow |
| 28:16 | Crear | Cavalry Archer |
| 28:18 | Crear | Cavalry Archer |
| 28:30 | Investigar | Fletching |
| 28:47 | Crear | Villager (Male) |
| 28:48 | Crear | Villager (Male) |
| 30:12 | Construir | Stable |
| 30:19 | Construir | Barracks |
| 30:28 | Crear | Villager (Male) |
| 30:28 | Crear | Villager (Male) |
| 31:02 | Investigar | Thumb Ring |
| 31:14 | Crear | Cavalry Archer |
| 31:15 | Crear | Cavalry Archer |
| 31:15 | Crear | Cavalry Archer |
| 31:27 | Construir | Palisade Wall |
| 32:33 | Crear | Cavalry Archer |
| 32:33 | Crear | Cavalry Archer |
| 32:38 | Investigar | Padded Archer Armor |
| 33:16 | Investigar | Bodkin Arrow |
| 33:30 | Crear | Cavalry Archer |
| 33:30 | Crear | Cavalry Archer |
| 34:16 | Crear | Cavalry Archer |
| 35:00 | Crear | Cavalry Archer |
| 35:01 | Crear | Cavalry Archer |
| 36:30 | Crear | Villager (Male) |
| 36:33 | Crear | Villager (Male) |
| 36:45 | Construir | Farm |
| 36:49 | Construir | Farm |
| 37:34 | Construir | Palisade Wall |
| 37:39 | Crear | Villager (Male) |
| 37:39 | Crear | Villager (Male) |
| 37:44 | Investigar | Leather Archer Armor |
| 38:49 | Construir | Palisade Wall |
| 39:04 | Construir | University |
| 39:18 | Crear | Villager (Male) |
| 39:18 | Crear | Villager (Male) |
| 39:24 | Construir | Farm |
| 39:51 | Crear | Cavalry Archer |
| 39:52 | Crear | Cavalry Archer |
Build order — Kris_Kong82
Primeras 150 de 328 acciones detectadas
| 0:03 | Construir | House |
| 0:05 | Construir | House |
| 0:07 | Crear | Villager (Male) |
| 0:07 | Crear | Villager (Male) |
| 0:08 | Crear | Villager (Male) |
| 0:08 | Crear | Villager (Male) |
| 0:08 | Crear | Villager (Male) |
| 1:44 | Crear | Villager (Male) |
| 1:45 | Crear | Villager (Male) |
| 1:52 | Construir | Lumber Camp |
| 1:58 | Crear | Villager (Male) |
| 2:17 | Crear | Villager (Male) |
| 2:57 | Crear | Villager (Male) |
| 2:58 | Crear | Villager (Male) |
| 3:06 | Construir | House |
| 3:07 | Construir | House |
| 3:29 | Crear | Villager (Male) |
| 3:29 | Crear | Villager (Male) |
| 3:36 | Crear | Villager (Male) |
| 3:36 | Crear | Villager (Male) |
| 4:00 | Crear | Villager (Male) |
| 4:38 | Crear | Villager (Male) |
| 5:23 | Construir | Mill |
| 5:30 | Crear | Villager (Male) |
| 5:31 | Crear | Villager (Male) |
| 5:31 | Crear | Villager (Male) |
| 5:31 | Crear | Villager (Male) |
| 6:14 | Crear | Villager (Male) |
| 6:14 | Crear | Villager (Male) |
| 6:20 | Crear | Villager (Male) |
| 6:44 | Investigar | Loom |
| 8:09 | Investigar | Feudal Age |
| 8:26 | Construir | Mill |
| 9:17 | Construir | House |
| 9:19 | Construir | House |
| 9:54 | Crear | Villager (Male) |
| 9:55 | Crear | Villager (Male) |
| 10:19 | Edad | Edad Feudal |
| 10:31 | Construir | Stone Wall |
| 10:44 | Crear | Villager (Male) |
| 11:12 | Crear | Villager (Male) |
| 11:13 | Crear | Villager (Male) |
| 11:20 | Construir | Mining Camp |
| 12:16 | Construir | Market |
| 12:25 | Construir | Stone Wall |
| 12:27 | Crear | Villager (Male) |
| 12:27 | Crear | Villager (Male) |
| 12:44 | Construir | House |
| 12:53 | Construir | Stone Wall |
| 13:11 | Crear | Villager (Male) |
| 13:25 | Construir | Mining Camp |
| 13:43 | Construir | Stone Wall |
| 13:47 | Crear | Villager (Male) |
| 13:48 | Crear | Villager (Male) |
| 14:19 | Construir | Farm |
| 14:21 | Crear | Villager (Male) |
| 15:00 | Construir | Barracks |
| 15:09 | Construir | Farm |
| 15:10 | Construir | Farm |
| 15:38 | Crear | Spearman |
| 15:39 | Crear | Spearman |
| 15:55 | Construir | Blacksmith |
| 16:03 | Crear | Villager (Male) |
| 16:03 | Crear | Villager (Male) |
| 16:36 | Construir | Farm |
| 16:43 | Construir | Farm |
| 16:44 | Construir | Farm |
| 16:46 | Construir | Farm |
| 16:47 | Construir | Farm |
| 16:49 | Construir | Farm |
| 17:05 | Construir | Farm |
| 17:09 | Crear | Villager (Male) |
| 17:09 | Crear | Villager (Male) |
| 17:26 | Construir | Building 490 |
| 17:38 | Construir | Stable |
| 17:39 | Construir | House |
| 17:50 | Construir | House |
| 17:59 | Investigar | Castle Age |
| 19:18 | Crear | Villager (Male) |
| 19:23 | Construir | Farm |
| 19:25 | Construir | Farm |
| 19:27 | Construir | Farm |
| 19:29 | Construir | Farm |
| 19:31 | Construir | Farm |
| 20:18 | Investigar | Bloodlines |
| 20:35 | Construir | House |
| 20:39 | Edad | Edad de los Castillos |
| 20:50 | Construir | Town Center |
| 20:56 | Crear | Villager (Male) |
| 20:56 | Crear | Villager (Male) |
| 21:39 | Investigar | Forging |
| 21:43 | Investigar | Scale Barding Armor |
| 21:45 | Crear | Villager (Male) |
| 21:45 | Crear | Villager (Male) |
| 22:23 | Construir | Town Center |
| 22:29 | Investigar | Double-Bit Axe |
| 22:40 | Crear | Shrivamsha Rider |
| 22:40 | Crear | Shrivamsha Rider |
| 22:40 | Crear | Shrivamsha Rider |
| 22:42 | Crear | Shrivamsha Rider |
| 23:05 | Crear | Villager (Male) |
| 23:06 | Crear | Villager (Male) |
| 23:18 | Investigar | Gold Mining |
| 23:24 | Investigar | Horse Collar |
| 23:29 | Crear | Villager (Male) |
| 23:30 | Crear | Villager (Male) |
| 23:36 | Crear | Villager (Male) |
| 23:48 | Crear | Villager (Male) |
| 23:49 | Crear | Villager (Male) |
| 24:13 | Construir | Farm |
| 24:19 | Crear | Shrivamsha Rider |
| 24:19 | Crear | Shrivamsha Rider |
| 24:24 | Construir | Farm |
| 24:26 | Construir | Farm |
| 24:33 | Crear | Villager (Male) |
| 24:34 | Crear | Villager (Male) |
| 24:45 | Construir | Farm |
| 25:48 | Construir | Farm |
| 25:51 | Construir | Farm |
| 26:00 | Construir | Stable |
| 26:07 | Investigar | Chain Barding Armor |
| 26:09 | Crear | Shrivamsha Rider |
| 26:10 | Crear | Shrivamsha Rider |
| 26:10 | Crear | Shrivamsha Rider |
| 26:45 | Crear | Villager (Male) |
| 26:46 | Crear | Villager (Male) |
| 26:46 | Crear | Villager (Male) |
| 26:47 | Crear | Villager (Male) |
| 26:47 | Crear | Villager (Male) |
| 26:49 | Crear | Villager (Male) |
| 26:49 | Crear | Villager (Male) |
| 27:21 | Construir | Castle |
| 27:25 | Crear | Villager (Male) |
| 27:25 | Crear | Villager (Male) |
| 27:25 | Crear | Villager (Male) |
| 27:33 | Construir | House |
| 27:35 | Construir | House |
| 28:01 | Crear | Spearman |
| 28:02 | Crear | Spearman |
| 28:02 | Crear | Spearman |
| 29:09 | Crear | Villager (Male) |
| 29:09 | Crear | Villager (Male) |
| 29:17 | Crear | Spearman |
| 29:18 | Crear | Spearman |
| 29:35 | Crear | Villager (Male) |
| 30:01 | Crear | Villager (Male) |
| 30:06 | Construir | Farm |
| 30:15 | Construir | Stone Wall |
| 30:21 | Crear | Villager (Male) |
| 30:21 | Crear | Villager (Male) |
Build order — gakigaki
Primeras 150 de 376 acciones detectadas
| 0:02 | Crear | Villager (Male) |
| 0:02 | Crear | Villager (Male) |
| 0:02 | Crear | Villager (Male) |
| 0:03 | Crear | Villager (Male) |
| 0:03 | Crear | Villager (Male) |
| 0:07 | Construir | House |
| 0:09 | Construir | House |
| 0:15 | Construir | House |
| 0:41 | Construir | House |
| 1:29 | Investigar | Loom |
| 1:55 | Crear | Villager (Male) |
| 1:56 | Crear | Villager (Male) |
| 2:29 | Crear | Villager (Male) |
| 2:29 | Crear | Villager (Male) |
| 2:57 | Crear | Villager (Male) |
| 2:57 | Crear | Villager (Male) |
| 3:05 | Crear | Villager (Male) |
| 3:05 | Crear | Villager (Male) |
| 3:26 | Crear | Villager (Male) |
| 3:26 | Crear | Villager (Male) |
| 4:04 | Crear | Villager (Male) |
| 4:04 | Crear | Villager (Male) |
| 4:04 | Crear | Villager (Male) |
| 4:28 | Crear | Villager (Male) |
| 4:28 | Crear | Villager (Male) |
| 4:29 | Crear | Villager (Male) |
| 4:38 | Crear | Villager (Male) |
| 6:05 | Crear | Villager (Male) |
| 6:05 | Crear | Villager (Male) |
| 6:06 | Crear | Villager (Male) |
| 6:06 | Crear | Villager (Male) |
| 6:06 | Crear | Villager (Male) |
| 6:07 | Crear | Villager (Male) |
| 6:07 | Crear | Villager (Male) |
| 6:07 | Crear | Villager (Male) |
| 6:07 | Crear | Villager (Male) |
| 6:33 | Construir | Mill |
| 6:46 | Crear | Villager (Male) |
| 6:47 | Crear | Villager (Male) |
| 6:51 | Crear | Villager (Male) |
| 6:52 | Crear | Villager (Male) |
| 8:18 | Crear | Villager (Male) |
| 8:50 | Construir | Lumber Camp |
| 9:40 | Investigar | Feudal Age |
| 10:24 | Construir | Mining Camp |
| 11:08 | Construir | Barracks |
| 11:22 | Construir | Mill |
| 12:00 | Edad | Edad Feudal |
| 12:16 | Crear | Villager (Male) |
| 12:49 | Construir | Stable |
| 13:06 | Construir | Blacksmith |
| 13:49 | Construir | House |
| 13:51 | Construir | House |
| 13:52 | Construir | House |
| 14:02 | Construir | House |
| 14:06 | Crear | Scout Cavalry |
| 14:07 | Crear | Scout Cavalry |
| 14:07 | Crear | Scout Cavalry |
| 14:07 | Crear | Scout Cavalry |
| 14:28 | Construir | Farm |
| 14:30 | Construir | Farm |
| 14:32 | Construir | Farm |
| 14:42 | Crear | Scout Cavalry |
| 14:42 | Crear | Scout Cavalry |
| 15:21 | Investigar | Bloodlines |
| 15:30 | Construir | Market |
| 15:43 | Investigar | Horse Collar |
| 16:01 | Construir | House |
| 16:02 | Construir | House |
| 16:42 | Construir | Mining Camp |
| 19:43 | Construir | Farm |
| 20:57 | Investigar | Castle Age |
| 21:18 | Construir | Farm |
| 21:44 | Construir | Farm |
| 21:46 | Construir | Farm |
| 21:47 | Construir | Farm |
| 23:17 | Investigar | Double-Bit Axe |
| 23:25 | Crear | Villager (Male) |
| 23:26 | Crear | Villager (Male) |
| 23:37 | Edad | Edad de los Castillos |
| 23:47 | Construir | Castle |
| 23:51 | Crear | Villager (Male) |
| 23:52 | Crear | Villager (Male) |
| 24:14 | Crear | Villager (Male) |
| 24:14 | Crear | Villager (Male) |
| 24:14 | Crear | Villager (Male) |
| 24:53 | Construir | Town Center |
| 25:05 | Investigar | Heavy Plow |
| 25:17 | Construir | Farm |
| 25:20 | Construir | Farm |
| 25:23 | Construir | Farm |
| 25:33 | Crear | Villager (Male) |
| 25:34 | Crear | Villager (Male) |
| 25:53 | Crear | Gbeto |
| 25:53 | Crear | Gbeto |
| 26:10 | Crear | Villager (Male) |
| 26:23 | Construir | Farm |
| 26:23 | Construir | Farm |
| 26:23 | Construir | Farm |
| 26:24 | Construir | Farm |
| 26:25 | Construir | Farm |
| 26:32 | Crear | Villager (Male) |
| 26:32 | Crear | Villager (Male) |
| 26:41 | Crear | Gbeto |
| 26:41 | Crear | Gbeto |
| 26:59 | Crear | Villager (Male) |
| 26:59 | Crear | Villager (Male) |
| 27:11 | Crear | Gbeto |
| 27:11 | Crear | Gbeto |
| 27:51 | Crear | Gbeto |
| 27:51 | Crear | Gbeto |
| 27:52 | Crear | Gbeto |
| 27:52 | Crear | Gbeto |
| 27:52 | Crear | Gbeto |
| 28:00 | Construir | Farm |
| 28:04 | Crear | Villager (Male) |
| 28:04 | Crear | Villager (Male) |
| 28:22 | Crear | Gbeto |
| 28:26 | Crear | Villager (Male) |
| 28:26 | Crear | Villager (Male) |
| 28:27 | Crear | Villager (Male) |
| 28:27 | Crear | Villager (Male) |
| 28:38 | Construir | Farm |
| 28:39 | Construir | Farm |
| 28:41 | Construir | Farm |
| 28:43 | Construir | Farm |
| 28:51 | Crear | Villager (Male) |
| 28:51 | Crear | Villager (Male) |
| 28:52 | Crear | Villager (Male) |
| 28:57 | Crear | Villager (Male) |
| 28:57 | Crear | Villager (Male) |
| 29:25 | Crear | Villager (Male) |
| 29:25 | Crear | Villager (Male) |
| 29:28 | Crear | Villager (Male) |
| 29:29 | Crear | Villager (Male) |
| 29:35 | Construir | Farm |
| 29:37 | Construir | Farm |
| 29:41 | Construir | Farm |
| 29:46 | Crear | Villager (Male) |
| 29:46 | Crear | Villager (Male) |
| 33:21 | Crear | Gbeto |
| 33:21 | Crear | Gbeto |
| 33:21 | Crear | Gbeto |
| 33:21 | Crear | Gbeto |
| 33:22 | Crear | Gbeto |
| 33:22 | Crear | Gbeto |
| 33:22 | Crear | Gbeto |
| 33:35 | Investigar | Wheelbarrow |
| 33:36 | Investigar | Town Watch |
| 33:36 | Crear | Villager (Male) |
Cronología de la partida
| 9:20 | INK | jimmbar · first_building Barracks |
| 9:39 | KingYankee1 · first_building Barracks |
| 10:19 | Kris_Kong82 · age_up feudal |
| 10:31 | Kris_Kong82 · wall_segment Stone Wall x11 |
| 10:57 | KingYankee1 · age_up feudal |
| 11:01 | INK | jimmbar · age_up feudal |
| 11:08 | gakigaki · first_building Barracks |
| 11:24 | INK | jimmbar · first_building Stable |
| 11:53 | Pata · age_up feudal |
| 12:00 | gakigaki · age_up feudal |
| 12:05 | RZA8614 · first_building Barracks |
| 12:12 | RZA8614 · wall_segment Palisade Wall x7 |
| 12:25 | Kris_Kong82 · wall_segment Stone Wall x7 |
| 12:40 | INK | jimmbar · wall_segment Stone Wall x2 |
| 12:41 | Pata · first_building Barracks |
| 12:49 | gakigaki · first_building Stable |
| 12:53 | Kris_Kong82 · wall_segment Stone Wall x8 |
| 12:58 | RZA8614 · wall_segment Palisade Wall x6 |
| 13:14 | RZA8614 · wall_segment Palisade Wall x8 |
| 13:30 | Pata · wall_segment Palisade Wall x4 |
| 13:43 | Kris_Kong82 · wall_segment Stone Wall x19 |
| 14:14 | RZA8614 · wall_segment Palisade Wall x12 |
| 14:18 | Pata · first_market_buy 100 food |
| 14:25 | RZA8614 · wall_segment Palisade Wall x7 |
| 14:27 | RZA8614 · wall_segment Palisade Wall x6 |
| 15:00 | Kris_Kong82 · first_building Barracks |
| 15:05 | Pata · first_building Stable |
| 15:45 | RZA8614 · wall_segment Palisade Wall x1 |
| 15:48 | RZA8614 · wall_segment Palisade Wall x7 |
| 16:42 | Pata · wall_segment Palisade Wall x14 |
| 17:12 | INK | jimmbar · wall_segment Stone Wall x3 |
| 17:16 | INK | jimmbar · wall_segment Stone Wall x7 |
| 17:18 | INK | jimmbar · wall_segment Stone Wall x7 |
| 17:24 | Pata · age_up castle |
| 17:38 | Kris_Kong82 · first_building Stable |
| 17:52 | Pata · first_building Archery Range |
| 18:31 | Pata · wall_segment Palisade Wall x11 |
| 19:24 | INK | jimmbar · wall_segment Stone Wall x13 |
| 19:34 | KingYankee1 · first_market_buy 100 food |
| 19:38 | RZA8614 · wall_segment Palisade Wall x2 |
| 20:24 | Pata · wall_segment Palisade Wall x4 |
| 20:26 | INK | jimmbar · first_building Archery Range |
| 20:39 | Kris_Kong82 · age_up castle |
| 20:53 | gakigaki · first_market_buy 100 food |
| 21:05 | INK | jimmbar · age_up castle |
| 21:39 | Pata · wall_segment Palisade Wall x3 |
| 22:24 | KingYankee1 · age_up castle |
| 22:33 | KingYankee1 · wall_segment Palisade Wall x11 |
| 23:37 | gakigaki · age_up castle |
| 23:40 | KingYankee1 · first_building Castle |
| 23:47 | gakigaki · first_building Castle |
| 24:31 | Kris_Kong82 · first_market_buy 100 food |
| 24:38 | KingYankee1 · wall_segment Palisade Wall x9 |
| 24:51 | Pata · first_building Castle |
| 26:54 | gakigaki · first_market_sell 100 wood |
| 27:21 | Kris_Kong82 · first_building Castle |
| 29:05 | RZA8614 · first_building Monastery |
| 30:15 | Kris_Kong82 · wall_segment Stone Wall x7 |
| 30:49 | Kris_Kong82 · wall_segment Stone Wall x4 |
| 31:16 | KingYankee1 · first_building Stable |
| 31:17 | Kris_Kong82 · wall_segment Stone Wall x1 |
| 31:27 | Pata · wall_segment Palisade Wall x5 |
| 32:10 | INK | jimmbar · first_building Castle |
| 35:16 | gakigaki · first_building Monastery |
| 37:20 | Kris_Kong82 · first_building Monastery |
| 37:34 | Pata · wall_segment Palisade Wall x11 |
| 37:46 | RZA8614 · first_building Siege Workshop |
| 38:40 | gakigaki · first_building Siege Workshop |
| 38:40 | KingYankee1 · first_market_sell 100 wood |
| 38:49 | Pata · wall_segment Palisade Wall x10 |
| 39:06 | KingYankee1 · first_building Siege Workshop |
| 39:28 | Kris_Kong82 · first_building Siege Workshop |
| 39:38 | KingYankee1 · first_building Archery Range |
| 40:14 | INK | jimmbar · first_building Siege Workshop |
| 41:18 | Pata · wall_segment Palisade Wall x4 |
| 41:23 | Kris_Kong82 · age_up imperial |
| 41:47 | Pata · wall_segment Palisade Wall x9 |
| 41:58 | Pata · wall_segment Palisade Wall x9 |
| 41:59 | KingYankee1 · age_up imperial |
| 43:20 | Kris_Kong82 · wall_segment Stone Wall x1 |
| 43:53 | INK | jimmbar · age_up imperial |
| 45:43 | Kris_Kong82 · first_market_sell 100 food |
| 46:09 | Pata · wall_segment Palisade Wall x6 |
| 47:24 | Pata · wall_segment Palisade Wall x7 |
| 48:38 | RZA8614 · first_building Castle |
| 49:02 | Kris_Kong82 · resign |
| 49:22 | RZA8614 · first_market_sell 100 food |
| 49:33 | Pata · first_market_sell 100 food |
| 50:22 | gakigaki · age_up imperial |
| 52:56 | Pata · age_up imperial |
| 53:12 | RZA8614 · first_building Archery Range |
[ ANÁLISIS IA · 1 CRÉDITO ]
¿Qué pasó realmente en esta partida?
Wolo.gg analiza cada decisión: build order, eco, micro, errores típicos por bracket. Análisis personalizado por WhatsApp o Discord en 30 segundos.
Guía civ
Godos
Guía mapa
Arabia
Perfil
KingYankee1